 Dungeon Crawl Stone Soup version 0.21-a0-518-g43a1781948 (webtiles) character file.

14 JackS81 the Skirmisher (level 2, -2/24 HPs)
             Began as a Demonspawn Abyssal Knight on Dec 4, 2017.
             Was a Follower of Lugonu.
             Slain by a gnoll
             ... wielding a +0 spear
              (8 damage)
             ... on level 1 of the Dungeon.
             The game lasted 00:02:35 (399 turns).

JackS81 the Skirmisher (Demonspawn Abyssal Knight)   Turns: 399, Time: 00:02:35

Health: -2/24      AC:  4    Str:  9 (12) XL:     2   Next: 31%
Magic:  3/3        EV: 11    Int: 16 (18) God:    Lugonu [*.....]
Gold:   47         SH:  0    Dex:  9 (12) Spells: 1/1 levels left

rFire    . . .     SeeInvis .   a - +1 hand axe
rCold    . . .     Gourm    .   (no shield)
rNeg     . . .     Faith    .   b - +0 leather armour
rPois    .         Spirit   .   (no helmet)
rElec    .         Reflect  .   (no cloak)
rCorr    .         Harm     .   (no gloves)
MR       .....                  m - +0 pair of boots
Stlth    +.........             (no amulet)
HPRegen  0.08/turn              (no ring)
MPRegen  0.08/turn              (no ring)

@: brilliant
A: talons 1
a: Depart the Abyss, Renounce Religion


You were on level 1 of the Dungeon.
You worshipped Lugonu.
Lugonu was aware of your devotion.
You were not hungry.

You visited 1 branch of the dungeon, and saw 1 of its levels.
You visited the Abyss 1 time.

You collected 47 gold pieces.

Inventory:

Hand Weapons
 a - a +1 hand axe (weapon)
Missiles
 d - 45 arrows
 j - 12 poisoned needles
Armour
 b - a +0 leather armour (worn)
 m - a +0 pair of boots (worn)
Scrolls
 f - a scroll of blinking {unknown}
 h - 3 scrolls of identify {unknown}
 k - a scroll of noise {unknown}
Potions
 l - a potion of ambrosia {unknown}
Comestibles
 c - a bread ration
 i - 2 meat rations


   Skills:
 - Level 3.0 Fighting
 * Level 2.5 Axes
 + Level 1.9 Armour
 + Level 0.9 Dodging
 + Level 2.5 Invocations


You had one spell level left.
You didn't know any spells.

Dungeon Overview and Level Annotations

Branches:
Dungeon (1/15)

Altars:
Beogh


Innate Abilities, Weirdness & Mutations

You have sharp toenails.


Message History

You barely miss the gnoll. The gnoll completely misses you.
You hit the gnoll but do no damage. The gnoll hits you with a spear. x2
You hit the gnoll but do no damage. The gnoll barely misses you.
You hit the gnoll but do no damage. The gnoll hits you but does no damage.
You hit the gnoll.
The gnoll is lightly wounded.
The gnoll hits you with a spear.
You are too injured to fight recklessly!
You are too injured to fight recklessly!
You are too injured to fight recklessly!
You are too injured to fight recklessly!
It was a potion of degeneration.
There was something very wrong with that liquid.
You feel weakened.
You feel dopey.
You feel clumsy. The gnoll hits you with a spear.
* * * LOW HITPOINT WARNING * * *
It was a potion of brilliance.
You feel clever all of a sudden. The gnoll hits you with a spear!
You die...

##.## #. #######...# .#..
#....##.8.. 8... .####....#....
..# .........#...###.## .
.........+....#...#..
....g....#..8...8...8
.........##@.........
#?.......Kg#.........
#....###...##.####+## ####
########...##....#.# ###### ...#
#...##...##..#.#.# #....# ...#
#...##...##....#.###.##.#
...#####...########.###.....##.#
.......'...'..................>#
.#######...#########.#.###.#.#.#


You could see a gnoll and a kobold.

Vanquished Creatures
  A dart slug (D:1)
  3 bats (D:1)
  A giant cockroach (D:1)
  3 goblins (D:1)
  A hobgoblin (D:1)
  A ball python (D:1)
  2 rats (D:1)
12 creatures vanquished.

Notes
Turn   | Place    | Note
-------+----------+-------------------------------------------
     0 | Abyss:1  | JackS81 the Demonspawn Abyssal Knight began the quest for the Orb.
     0 | Abyss:1  | Reached XP level 1. HP: 18/18 MP: 2/2
     0 | D:1      | Escaped the Abyss
   111 | D:1      | Found a roughly hewn altar of Beogh.
   111 | D:1      | Noticed an orc priest
   111 | D:1      | Noticed an orc warrior
   112 | D:1      | Gained mutation: You have sharp toenails. [demonic ancestry]
   112 | D:1      | Reached XP level 2. HP: 24/24 MP: 3/3
   284 | D:1      | Reached * piety under Lugonu
   399 | D:1      | Slain by a gnoll

Vault maps used:
D:1:      erik_arrival_cave_to_civilisation, minmay_misc_feat_four_crosses

Skill      XL: |  1 |
---------------+----+-----
Axes           | 2 |  2.5
Fighting       | |  3.0
Armour         | |  1.9
Dodging        | |  0.9
Invocations    | |  2.5

Action                   || total
-------------------------++-------
Melee: Hand axe          ||    34
       Kick              ||     2
Invok: Depart the Abyss  ||     1
  Use: Potion            ||     2
Armor: Leather armour    ||    10
Dodge: Dodged            ||    31

Table legend:
 A = Spawn XP
 B = Non-spawn XP
 C = Spawn XP percentage of total XP
 D = Spawn monster count
 E = Non-spawn monster count
 F = Spawn count percentage of total count
 G = Total turns spent on level
                    A         B        C        D         E        F      G
               +---------+---------+-------+---------+---------+-------+---------
         Total |       0 |      21 |   0.0 |       0 |      12 |   0.0 |   399
               +---------+---------+-------+---------+---------+-------+---------
           D:1 |       0 |      21 |   0.0 |       0 |      12 |   0.0 |   399
               +---------+---------+-------+---------+---------+-------+---------
